 Dungeon Crawl Stone Soup version 0.30.1-1-g62c8e00024 (webtiles) character file.

Game seed: 12961350424125663010

116 Peloso the Covered (level 4, 0/41 HPs)
             Began as a Minotaur Fighter on July 14, 2023.
             Slain by a black bear (5 damage)
             ... on level 3 of the Dungeon.
             The game lasted 00:03:05 (2033 turns).

Peloso the Covered (Minotaur Fighter)               Turns: 2033, Time: 00:03:05

Health: 0/41       AC:  7    Str: 18 (20) XL:     4   Next: 69%
Magic:  3/3        EV:  9    Int:  4 (5)  God:
Gold:   112        SH:  4    Dex: 10 (12) Spells: 3/3 levels left

rFire   . . .        a - +0 long sword
rCold   . . .        c - +0 buckler
rNeg    . . .        b - +0 scale mail
rPois   .            (helmet restricted)
rElec   .            (no cloak)
rCorr   .            (no gloves)
SInv    .            (no boots)
Will    .....        (no amulet) Stlth
                     (no ring)
HPRegen 0.26/turn    (no ring)
MPRegen 0.08/turn

%: no passive effects
@: no status effects
A: horns 2, retaliatory headbutt
a: no special abilities


You were on level 3 of the Dungeon.
You visited 1 branch of the dungeon, and saw 3 of its levels.

You collected 112 gold pieces.

Inventory:

Hand Weapons
 a - a +0 long sword (weapon)
Armour
 b - a +0 scale mail (worn)
 c - a +0 buckler (worn)
Scrolls
 g - a scroll of enchant weapon
Potions
 d - 2 potions of might
 f - 3 potions of curing


   Skills:
 + Level 4.4 Fighting
 + Level 3.6 Long Blades
 + Level 5.0 Armour
 + Level 0.5 Dodging
 + Level 4.1 Shields


You had 3 spell levels left.
You didn't know any spells.
Your spell library contained the following spells:

 Spells                   Type           Power      Damage    Failure   Level
 Beastly Appendage        Tmut           0%         N/A       91%         1
 Necrotise                Necr           0%         1d4       91%         1
 Anguish                  Hex/Necr       0%         N/A       100%        4
 Borgnjor's Vile Clutch   Necr/Erth      0%         N/A       100%        5
 Death Channel            Necr           0%         N/A       100%        6
 Simulacrum               Ice/Necr       0%         N/A       100%        6
 Dragon Form              Tmut           0%         N/A       100%        7


Dungeon Overview and Level Annotations

Branches:
Dungeon (3/15)

Altars:
Trog


Innate Abilities, Weirdness & Mutations

You have a pair of horns on your head.
You reflexively headbutt those who attack you in melee.


Message History

You climb downwards.
The black bear bites you.
The black bear claws you but does no damage.
The black bear claws you. The black bear bites you.
The black bear barely misses you. The black bear claws you.
There is a stone staircase leading up here.
You hit the black bear but do no damage.
You block the black bear's attack.
The black bear claws you but does no damage. x2
You barely miss the black bear. The black bear bites you!
You block the black bear's attack.
The black bear claws you but does no damage.
You closely miss the black bear. You headbutt the black bear!
The black bear is moderately wounded.
The black bear bites you. The black bear barely misses you.
You block the black bear's attack. The black bear misses you.
You furiously retaliate!
You headbutt the black bear.
The black bear claws you but does no damage. x2
You hit the black bear but do no damage.
The black bear is heavily wounded.
The black bear bites you.
The black bear claws you but does no damage.
The black bear closely misses you.
You hit the black bear.
The black bear is severely wounded.
The black bear bites you. The black bear barely misses you.
The black bear claws you.
* * * LOW HITPOINT WARNING * * *
You closely miss the black bear.
You headbutt the black bear, but do no damage.
The black bear is severely wounded.
The black bear bites you.
* * * LOW HITPOINT WARNING * * *
The black bear claws you but does no damage.
The black bear closely misses you.
You barely miss the black bear.
The black bear is severely wounded.
The black bear bites you.
* * * LOW HITPOINT WARNING * * *
The black bear barely misses you. x2; The black bear bites you.
You die...

## ######..##...
##............
...###..#####......
...................
.########[.........
#..†...## #......#
######<[.@..#.
#.........h......
#..............#...
#.##.###.......# ..
.. #......... ...
#.......#.. ..
######..#.## . ..#
# ..


You could see a black bear.

Vanquished Creatures
  Jessica (D:3)
  An orc wizard (D:3)
  An adder (D:2)
  2 worms (D:2)
  A dart slug (D:1)
  2 orcs (D:2)
  4 endoplasms
  4 goblins
  2 hobgoblins (D:1)
  8 jackals
  2 quokkas
  7 ball pythons
  A bat (D:1)
  A frilled lizard (D:2)
  2 kobolds
  7 rats
46 creatures vanquished.

Notes
Turn   | Place    | Note
-------+----------+-------------------------------------------
     0 | D:1      | Peloso the Minotaur Fighter began the quest for the Orb.
     0 | D:1      | Reached XP level 1. HP: 19/19 MP: 0/0
    34 | D:1      | Got the Compilation of Postmortem Moulding
   353 | D:1      | Reached XP level 2. HP: 27/27 MP: 1/1
   389 | D:1      | Got the Opusculum on Horrible Rime
   597 | D:1      | Reached skill level 4 in Armour
   783 | D:2      | Reached XP level 3. HP: 31/33 MP: 2/2
  1062 | D:2      | Found a bloodstained altar of Trog.
  1980 | D:3      | Reached XP level 4. HP: 33/41 MP: 3/3
  1982 | D:3      | Noticed Jessica
  1987 | D:3      | Noticed a black bear
  1991 | D:3      | Killed Jessica
  1992 | D:3      | Reached skill level 5 in Armour
  2033 | D:3      | Slain by a black bear

Illustrated notes

Levels and vault maps discovered:
D:1:      minmay_arrival_pointy, layout_loops_ring, columned_hall_lemuel,
          minmay_tiny_reverse_x
D:2:      layout_basic, basic_altar
D:3:      layout_rooms, mainiacjoe_overflow_catwalk, nicolae_uskayaw_dance_hall,
          minmay_misc_feat_room, kennysheep_generic_room_15,
          uniq_crazy_yiuf_cottage, uniq_jessica

Skill      XL: |  1  2  3  4 |
---------------+-------------+-----
Fighting       | 4 |  4.4
Armour         | 4 5 |  5.0
Long Blades    | 3 |  3.6
Shields        | 4 |  4.1
Dodging        | |  0.5

Action                     |  1- 3 |  4- 6 || total
---------------------------+-------+-------++-------
  Melee: Long sword        |   108 |    11 ||   119
         Headbutt          |    11 |     3 ||    14
    Use: Potion            |     4 |       ||     4
         Scroll            |     3 |       ||     3
 Armour: Scale mail        |    50 |    17 ||    67
  Dodge: Dodged            |    58 |    13 ||    71
  Block: Buckler           |    25 |     5 ||    30
